← All builds
Suicide front / Armada / Factory first / OBSERVED BUILD

Standard suicide front

Armada Suicide front build order · Supreme Isthmus

The role's baseline: Bot Lab at 0:21 then straight into reclaim-fed T1 bot production to contest the middle and hold until T2 arrives, with an Advanced Metal Extractor around 9:45.

#rush · 2020 distinct matches · 232 players · 71% of Armada Suicide front games · team won 59% of 2395 · Recently observed

HOW TO PLAY IT

Key timing: Bot Lab by 0:20

  1. Open with mex and lab-first to get Bot Lab up by 0:20.
  2. Expand mex and wind while lab pumps units toward middle.
  3. Push Sentry and early Rocketeer, Centurion to contest middle.
  4. Get T2 constructor out once Pond's boost lets you spare metal.
  5. Upgrade mex to Advanced Metal Extractor as you transition off T1 spam.

Phase by phase

TYPICAL OF ITS 2020 GAMES
  1. 1
  2. 2
  3. 3
PLAY THE OPENING

Follow the example game's first 6:00 step by step: what to build now, what comes next, and where it goes. At 1× it keeps pace with your own game.

  1. 1

    Bot Lab first

    Order
    1. Bot LabBot Lab done ~0:21, middle half 0:20–0:33

    Some games also: mex (44%)

  2. 2

    Bot Lab to 5:00

    Economy
    • Metal Extractor5Mex
    • Wind Turbine4Wind
    Builders
    • Construction Bot3 Con bot
    • Lazarus2 Lazarus
    Army
    • Sentry4 Sentry
    • Rocketeer16 Rocketeer
    • Tick2 Tick
    • Centurion1 Centurion
    Other
    • Radar Tower1 Radar Tower

    Some games also: pawn (37%) · con turret (34%)

    By 5:00 in all: 5 mex · 4 wind

    The example game in this phase · 28 steps
    1. TickTick ×10
    2. LazarusLazarus
    3. Mex
    4. Wind
    5. Mex
    6. Construction BotCon bot
    7. Mex
    8. CenturionCenturion ×2
    9. Mex
    10. Radar TowerRadar Tower
    11. RocketeerRocketeer
    12. SentrySentry
    13. LazarusLazarus ×2
    14. Mex
    15. RocketeerRocketeer
    16. SentrySentry
    17. RocketeerRocketeer ×2
    18. SentrySentry
    19. RocketeerRocketeer ×4
    20. SentrySentry
    21. RocketeerRocketeer
    22. SentrySentry
    23. RocketeerRocketeer
    24. SentrySentry
    25. RocketeerRocketeer
    26. Construction BotCon bot
    27. SentrySentry ×2
    28. Construction BotCon bot
  3. 3

    5:00 to 10:00

    Economy
    • Metal Extractor1Mex
    • Wind Turbine15Wind
    Builders
    • Construction Turret2 Con turret
    • Lazarus2 Lazarus
    • Construction Bot1 Con bot
    Army
    • Sentry1 Sentry
    • Rocketeer8 Rocketeer

    Some games also: pawn (49%) · Radar Tower (46%) · tick (45%) · centurion (44%) · energy storage (43%) · eat Bot Lab (31%)

    By 10:00 in all: 6 mex · 21 wind · 1 energy storage · 2 con turret

    The example game in this phase · 126 steps
    1. CenturionCenturion ×2
    2. SentrySentry
    3. PawnPawn
    4. Construction BotCon bot
    5. Mex
    6. Radar TowerRadar Tower
    7. PawnPawn
    8. CenturionCenturion
    9. SentrySentry ×3
    10. Dragon's TeethDragon's Teeth
    11. PawnPawn
    12. Dragon's TeethDragon's Teeth
    13. Mex
    14. Dragon's TeethDragon's Teeth ×2
    15. PawnPawn
    16. Dragon's TeethDragon's Teeth ×3
    17. PawnPawn
    18. Dragon's TeethDragon's Teeth
    19. Mex
    20. Dragon's TeethDragon's Teeth ×2
    21. Construction BotCon bot
    22. Dragon's TeethDragon's Teeth ×2
    23. PawnPawn
    24. Wind
    25. PawnPawn
    26. Wind
    27. PawnPawn
    28. AnemoneAnemone
    29. Con turret
    30. PawnPawn
    31. Wind
    32. SentrySentry
    33. PawnPawn
    34. SentrySentry
    35. PawnPawn
    36. Wind
    37. PawnPawn ×3
    38. Wind
    39. Radar TowerRadar Tower
    40. PawnPawn ×2
    41. Dragon's TeethDragon's Teeth
    42. PawnPawn
    43. Wind
    44. Dragon's TeethDragon's Teeth ×2
    45. Wind
    46. Dragon's TeethDragon's Teeth
    47. PawnPawn
    48. Wind
    49. PawnPawn
    50. Wind
    51. PawnPawn ×2
    52. Wind
    53. Radar TowerRadar Tower
    54. PawnPawn
    55. Dragon's TeethDragon's Teeth
    56. PawnPawn
    57. Wind
    58. SentrySentry
    59. TickTick
    60. PawnPawn
    61. Dragon's TeethDragon's Teeth ×2
    62. Wind
    63. TickTick ×2
    64. Wind
    65. PawnPawn
    66. Wind
    67. TickTick ×2
    68. Wind
    69. PawnPawn
    70. TickTick ×2
    71. PawnPawn
    72. Converter
    73. TickTick ×2
    74. Wind
    75. PawnPawn
    76. TickTick ×2
    77. PawnPawn
    78. TickTick
    79. Converter
    80. TickTick
    81. PawnPawn
    82. Converter
    83. TickTick
    84. Wind
    85. TickTick
    86. Converter
    87. PawnPawn
    88. AnemoneAnemone
    89. Con turret
    90. TickTick ×5
    91. PawnPawn
    92. Advanced Metal ExtractorT2 mexdone 12:46 · typical 9:46
    93. Wind
    94. TickTick ×5
    95. Wind
    96. Sneaky PeteSneaky Pete
    97. PawnPawn
    98. TickTick
    99. Construction BotCon bot
    100. Advanced Metal ExtractorT2 mex
    101. Wind
    102. TickTick ×2
    103. Wind
    104. TickTick
    105. Dragon's TeethDragon's Teeth
    106. TickTick
    107. CrossbowCrossbow
    108. Con turret
    109. Dragon's TeethDragon's Teeth ×2
    110. Wind
    111. Advanced Metal ExtractorT2 mex
    112. CrossbowCrossbow
    113. Dragon's TeethDragon's Teeth ×4
    114. Wind
    115. Con turret
    116. PawnPawn ×2
    117. Con turret
    118. PawnPawn
    119. Wind
    120. PawnPawn
    121. Wind
    122. PawnPawn
    123. Wind ×2
    124. CrossbowCrossbow
    125. NettleNettle
    126. Wind

Counts are medians over the build's games: half of them build more, half fewer. The example game is slimegirl3's (32 OS, 15/09/2026); pick another.

Team trades

IN AT LEAST 30% OF ITS GAMES

You hand over

Nothing regular.

You get

  • Tidal Generator4 Tidal from Pondfirst at 0:11 · in 68% of games
  • Advanced Construction Bot1 T2 con bot from Geo or Techfirst at 7:41 · in 57% of games

How it plays out

Typical game of this build, running totals by minute

Metal produced

010k20k
0:005:0010:0015:00

metal

Enemy metal destroyed

05k10k
0:005:0010:0015:00

metal

Own metal lost

05k10k
0:005:0010:0015:00

metal

2395 games.

Show as table
ByMetal produced: This buildEnemy metal destroyed: This buildOwn metal lost: This build
1:0023000
2:0088600
3:002007184130
4:003108643501
5:0041841352998
6:00534921831707
7:00654430512590
8:00776039353502
9:00903546904383
10:001041253145163
11:001188958585965
12:001358364066686
13:001540468757453
14:001729875038214
15:001929281099007
WHAT THE NUMBERS SAY

Standard Suicide front play wins a bit over half its games while taking the heaviest own losses of any role by 15:00.

  • + Produces 20142 metal by 15:00, highest of the front roles.
  • + First kill by 2:01 in all games, fastest contest of middle.
  • − Own metal lost hits 9178 by 15:00, more than enemy metal destroyed.
  • − Only 34% Rocketeer share shows army spread thin across many bot types.
THE EXAMPLE YOU ARE READING

slimegirl3

31.8 OS · 15/09/2026

Open source match ↗

8 received units · includes a constructor
338 metal received · 13124 energy received

Allied construction assistance is unknown. Timings are observations, not a promise of solo reproducibility.

Typical milestones

Bot Lab0:21Middle 50%: 0:20–0:33 · n=2387
Advanced Metal Extractor9:46Middle 50%: 8:50–10:58 · n=1732

Played most by

_X_262games of this buildPlatinumBlonde188games of this buildXad165games of this buildTrapCaT109games of this buildImmort80games of this build
Standard suicide front · Armada Suicide front build order · BAR Build Atlas